 Dungeon Crawl Stone Soup version 0.18.1-48-g4cf74bf (webtiles) character file.

2558 Gargoyl the Covered (level 9, -1/69 HPs)
             Began as a Demonspawn Abyssal Knight on Aug 29, 2016.
             Was an Elder of Lugonu.
             Slain by a killer bee (4 damage)
             ... on level 7 of the Dungeon.
             The game lasted 00:17:18 (8095 turns).

Gargoyl the Covered (Demonspawn Abyssal Knight)     Turns: 8095, Time: 00:17:19

Health: -1/69      AC: 12    Str: 16    XL:     9   Next: 31%
Magic:  11/11      EV:  7    Int: 13    God:    Lugonu [****..]
Gold:   464        SH: 11    Dex: 22    Spells: 0 memorised, 8 levels left

rFire  . . .     SeeInvis .     a - +2 hand axe
rCold  + . .     Gourm    .     i - +1 chain mail {rC+}
rNeg   . . .     Faith    .     t - +1 shield
rPois  .         Spirit   .     (helmet restricted)
rElec  +         Dismiss  .     (no cloak)
rCorr  .         Reflect  .     (no gloves)
SustAt .         Harm     .     n - +0 pair of boots
MR     .....                    y - amulet of magic regeneration
Stlth  ..........               w - +5 ring of dexterity
                                k - +4 ring of dexterity

@: lethally poisoned (-1 -> -26), not resistant to hostile enchantments,
extremely unstealthy
A: antennae 2, blurry vision 1, foul stench 1, regeneration 1, electricity
resistance, rot immunity
a: Depart the Abyss, Bend Space, Banish, Corrupt, Renounce Religion


You were on level 7 of the Dungeon.
You worshipped Lugonu.
Lugonu was greatly pleased with you.
You were not hungry.

You visited 1 branch of the dungeon, and saw 8 of its levels.
You visited the Abyss 1 time.

You collected 464 gold pieces.

Inventory:

Hand Weapons
 a - a +2 hand axe (weapon)
 o - a +0 spear
Missiles
 d - 7 exploding tomahawks
 q - 8 tomahawks (quivered)
 s - 5 silver tomahawks
Armour
 i - a +1 chain mail of cold resistance (worn)
 n - a +0 pair of boots (worn)
 t - a +1 shield (worn)
Jewellery
 k - a +4 ring of dexterity (left hand)
 p - the ring "Coczur" {rPois MP+9 Dex-2 Stlth+}
   (You found it on level 6 of the Dungeon)

   [ring of stealth]

   It affects your dexterity (-2).
   It protects you from poison.
   It affects your magic capacity (+9).
   It makes you more stealthy.
 w - a +5 ring of dexterity (right hand)
 y - an amulet of magic regeneration (around neck)
 F - an uncursed ring of see invisible
Wands
 v - a wand of slowing (40/48)
 E - a wand of disintegration (12/24)
Scrolls
 l - 3 scrolls of remove curse
 m - 2 scrolls of identify
 z - 2 scrolls of enchant weapon
 B - a scroll of enchant armour
 D - a scroll of teleportation
Potions
 b - a potion of invisibility {unknown}
 e - a potion of brilliance {unknown}
 g - a potion of magic {unknown}
 j - 2 potions of might
 x - 3 potions of curing {unknown}
 C - 3 potions of heal wounds
 G - a potion of ambrosia {unknown}
Books
 h - a book of Misfortune

   Spells                             Type                      Level
   a - Confusing Touch                Hexes                        2
   b - Confuse                        Hexes                        3
   c - Gell's Gravitas                Hexes/Translocation          3
   d - Petrify                        Transmutation/Earth          4
   e - Metabolic Englaciation         Hexes/Ice                    5
   f - Yara's Violent Unravelling     Hexes/Transmutation          5
 u - a book of Power

   Spells                             Type                      Level
   a - Fulminant Prism                Conjuration/Hexes            4
   b - Iskenderun's Mystic Blast      Conjuration                  4
   c - Venom Bolt                     Conjuration/Poison           5
   d - Bolt of Magma                  Conjuration/Fire/Earth       5
   e - Iron Shot                      Conjuration/Earth            6
   f - Orb of Destruction             Conjuration                  7
   g - Spellforged Servitor           Conjuration/Summoning        7
Comestibles
 c - 5 bread rations
 f - 5 beef jerkies
 r - 2 meat rations
 A - 2 slices of pizza


   Skills:
 + Level 6.3 Fighting
 + Level 5.0 Axes
 + Level 0.3 Throwing
 * Level 6.9 Armour
 + Level 3.9 Dodging
 + Level 0.6 Stealth
 + Level 4.2 Shields
 + Level 3.4 Invocations


You had 8 spell levels left.
You didn't know any spells.

Dungeon Overview and Level Annotations

Branches:
Dungeon (8/15)             Temple (0/1) D:7
   Lair: D:8-11

Altars:
Nemelex Xobeh
Qazlal
Ru
Sif Muna
Trog
Vehumet
Xom


Innate Abilities, Weirdness & Mutations

You have a pair of antennae on your head.
You may emit foul miasma when damaged in melee.
You are immune to rotting.
Scrolls take you a little longer to read.
Your natural rate of healing is unusually fast.
You are resistant to electric shocks.


Message History

* * * LOW HITPOINT WARNING * * *
You are lethally poisoned!
The killer bee poisons you!
The killer bee stings you but does no damage.
You barely miss the killer bee.
The killer bee is lightly wounded.
You closely miss the killer bee.
The killer bee is moderately wounded.
* * * LOW HITPOINT WARNING * * *
You feel very sick. The killer bee stings you.
* * * LOW HITPOINT WARNING * * *
You are more poisoned.
The killer bee poisons you! The killer bee stings you!
* * * LOW HITPOINT WARNING * * *
You emit a cloud of foul miasma!
The killer bee completely misses you.
The killer bee is engulfed in dark miasma.
The killer bee is poisoned.
The killer bee seems to slow down.
The killer bee stings you.
You die...

#........#######.....#...#.....
#........#.....#.....'...#.....
#........'.....#.....#...#.....
#........#.....#.....#####.....
##########.....#.....#...†.....
#......#.....#...#.....
#......#.....#...#.....
#.....y#..>..#...#.....
#.....@yh....#...#.....
########.....#####..... #######
######


You could see 2 killer bees and a jackal.

Vanquished Creatures
  A hippogriff (D:7)
  2 ice beasts
  2 sky beasts (D:6)
  A black bear (D:4)
  A centaur (D:6)
  3 ogres
  A big kobold (D:8)
  The ghost of Tide the Gusty, an amateur TeAE of Sif Muna (D:3)
  A giant frog (D:7)
  A wyvern skeleton (D:7)
  3 scorpions
  A killer bee (D:7)
  3 howler monkeys (D:7)
  A crimson imp (D:8)
  2 giant frog zombies (D:8)
  A hound (D:4)
  A jelly (D:5)
  4 orc priests
  A giant frog skeleton (D:5)
  3 orc wizards
  A centaur skeleton (D:4)
  4 iguanas
  7 worker ants
  A hound zombie (D:6)
  2 worker ant zombies
  14 adders
  A gnoll (D:1)
  A howler monkey skeleton (D:8)
  2 shadow imps (D:6)
  An ooze (D:2)
  2 adder zombies (D:6)
  4 adder skeletons
  A worm (D:3)
  2 dart slugs
  6 giant geckos
  24 orcs
  3 ball pythons
  9 giant cockroaches
  4 goblins
  5 hobgoblins
  10 jackals
  10 kobolds
  2 quokkas
  15 bats
  A giant cockroach zombie (D:3)
  6 giant newts
  A jackal skeleton (D:4)
  22 rats
195 creatures vanquished.

Vanquished Creatures (others)
  2 crimson imps
  2 jackals (D:2)
4 creatures vanquished.

Grand Total: 199 creatures vanquished

Notes
Turn   | Place    | Note
--------------------------------------------------------------
     0 | Abyss:1  | Gargoyl the Demonspawn Abyssal Knight began the quest for the Orb.
     0 | Abyss:1  | Reached XP level 1. HP: 18/18 MP: 2/2
    31 | Abyss:2  | Noticed a hellwing
    33 | Abyss:2  | Noticed a large abomination
    35 | Abyss:2  | Noticed a rakshasa
    37 | D:1      | Escaped the Abyss
   193 | D:1      | Reached * piety under Lugonu
   198 | D:1      | Gained mutation: You are immune to rotting. [demonic ancestry]
   198 | D:1      | Reached XP level 2. HP: 21/24 MP: 3/3
   426 | D:1      | Reached skill level 1 in Dodging
   598 | D:1      | You fall through a shaft!
   629 | D:2      | Reached XP level 3. HP: 27/30 MP: 5/5
  1560 | D:2      | Reached ** piety under Lugonu
  1560 | D:2      | Reached XP level 4. HP: 17/37 MP: 6/6
  1895 | D:2      | Found a sparkling altar of Nemelex Xobeh.
  2648 | D:3      | Reached XP level 5. HP: 38/42 MP: 7/7
  2650 | D:3      | Found a radiant altar of Vehumet.
  2668 | D:3      | Reached *** piety under Lugonu
  2869 | D:3      | Noticed Tide's ghost (amateur TeAE)
  2891 | D:3      | Killed Tide's ghost
  3122 | D:4      | Gained mutation: You may emit foul miasma when damaged in melee. [demonic ancestry]
  3122 | D:4      | Reached XP level 6. HP: 11/48 MP: 8/8
  3142 | D:4      | Gained mutation: Your natural rate of healing is unusually fast. [potion of mutation]
  3142 | D:4      | Gained mutation: Scrolls take you a little longer to read. [potion of mutation]
  3142 | D:4      | Gained mutation: You are resistant to electric shocks. [potion of mutation]
  3981 | D:4      | Reached skill level 1 in Shields
  3981 | D:4      | Gained mutation: You have a pair of small antennae on your head. [demonic ancestry]
  3981 | D:4      | Reached XP level 7. HP: 13/55 MP: 9/9
  4107 | D:4      | Reached **** piety under Lugonu
  4426 | D:4      | Reached skill level 5 in Armour
  4880 | D:5      | Entered Level 5 of the Dungeon
  4900 | D:5      | Reached skill level 5 in Fighting
  5011 | D:5      | Found a sand-covered staircase.
  5049 | D:5      | Found a deep blue altar of Sif Muna.
  5144 | D:5      | Found a shimmering altar of Xom.
  5179 | D:5      | Found a bloodstained altar of Trog.
  5299 | D:5      | Found a sacrificial altar of Ru.
  5656 | D:6      | Reached XP level 8. HP: 43/62 MP: 10/10
  6263 | D:6      | Got a shimmering jade ring
  7039 | D:7      | Identified the ring "Coczur" {rPois MP+9 Dex-2 Stlth+} (You found it on level 6 of the Dungeon)
  7124 | D:7      | Found a staircase to the Ecumenical Temple.
  7316 | D:7      | Found a stormy altar of Qazlal.
  7425 | D:7      | Gained mutation: You have a pair of antennae on your head. [demonic ancestry]
  7425 | D:7      | Reached XP level 9. HP: 59/69 MP: 11/11
  8091 | D:7      | Reached skill level 5 in Axes
  8095 | D:7      | HP: 3/69 [killer bee (7)]
  8095 | D:7      | Slain by a killer bee

Skill      XL: |  1  2  3  4  5  6  7  8  9 |
---------------+----------------------------+-----
Armour         | 2 3 4 5 6 |  6.9
Dodging        | 1 2 3 |  3.9
Axes           | 2 3 4 5 |  5.0
Fighting       | 4 5 6 |  6.3
Shields        | 1 3 4 |  4.2
Invocations    | 3 |  3.4
Throwing       | |  0.3
Stealth        | |  0.6

Action                   |  1- 3 |  4- 6 |  7- 9 || total
-------------------------+-------+-------+-------++-------
Melee: Hand axe          |   156 |   247 |   502 ||   905
Throw: Tomahawk          |       |     4 |     5 ||     9
Invok: Depart the Abyss  |     1 |       |       ||     1
       Banish            |       |       |     3 ||     3
  Use: Potion            |       |     6 |     2 ||     8
       Scroll            |       |       |    15 ||    15
  Eat: Chunk             |     2 |    10 |     9 ||    21
       Fruit             |       |       |     7 ||     7
Armor: Chain mail        |   175 |   211 |   310 ||   696
       Plate armour      |       |       |    33 ||    33
       Skin              |       |       |     8 ||     8
Dodge: Dodged            |    61 |    67 |   130 ||   258
Block: Shield            |       |    75 |   336 ||   411
